 Dungeon Crawl Stone Soup version 0.18.1-50-g88ac8fd (webtiles) character file.

255 lorenzova the Poker (level 6, -2/49 HPs)
             Began as a Merfolk Skald on Oct 18, 2016.
             Slain by a worker ant (5 damage)
             ... on level 4 of the Dungeon.
             The game lasted 00:05:26 (4016 turns).

lorenzova the Poker (Merfolk Skald)                 Turns: 4016, Time: 00:05:26

Health: -2/49      AC:  2    Str: 14    XL:     6   Next: 15%
Magic:  7/9        EV: 14    Int: 12    God:
Gold:   148        SH:  0    Dex: 13    Spells: 2 memorised, 6 levels left

rFire  . . .     SeeInvis .     t - +1 trident
rCold  . . .     Gourm    .     u - +0 robe (curse)
rNeg   . . .     Faith    .     (no shield)
rPois  .         Spirit   .     (no helmet)
rElec  .         Dismiss  .     (no cloak)
rCorr  .         Reflect  .     (no gloves)
SustAt .         Harm     .     (no boots)
MR     .....                    (no amulet)
Stlth  +.........               (no ring)
                                (no ring)

@: lethally poisoned (-2 -> -15), infused (expiring), not resistant to hostile
enchantments, very unstealthy
A: change form in water, swift swim
a: no special abilities


You were on level 4 of the Dungeon.
You were not hungry.

You visited 1 branch of the dungeon, and saw 4 of its levels.

You collected 148 gold pieces.

Inventory:

Hand Weapons
 t - a +1 trident (weapon)
Armour
 b - a +0 leather armour
 m - a +0 ring mail
 u - a cursed +0 robe (worn)
Scrolls
 e - a scroll of teleportation {unknown}
 f - a scroll of enchant weapon
 h - a scroll of noise {unknown}
 k - a scroll of recharging {unknown}
 r - a scroll of remove curse {unknown}
Potions
 a - 2 potions of resistance
 g - a potion of flight
 j - a potion of cancellation {unknown}
 l - a potion of berserk rage {unknown}
 o - a potion of brilliance {unknown}
 p - a potion of heal wounds {unknown}
 q - a potion of magic {unknown}
 v - a potion of agility {unknown}
 w - 2 potions of lignification {unknown}
Books
 c - a book of Battle

   Spells                             Type                      Level
   a - Infusion                       Charms                       1
   b - Shroud of Golubria             Charms/Translocation         2
   c - Song of Slaying                Charms                       2
   d - Spectral Weapon                Hexes/Charms                 3
   e - Regeneration                   Charms/Necromancy            3
 s - a Grand Grimoire

   Spells                             Type                      Level
   a - Monstrous Menagerie            Summoning                    7
   b - Summon Greater Demon           Summoning                    7
   c - Malign Gateway                 Summoning/Translocation      7
   d - Summon Horrible Things         Summoning                    8
Comestibles
 d - 2 bread rations
 i - 3 beef jerkies
 n - a meat ration
 x - a chunk of flesh


   Skills:
 + Level 4.3 Fighting
 + Level 5.4 Polearms
 - Level 0.6 Armour
 + Level 4.8 Dodging
 - Level 2.0 Spellcasting
 - Level 3.2 Charms


You had 6 spell levels left.
You knew the following spells:

 Your Spells              Type           Power        Failure   Level  Hunger
a - Infusion              Chrm           #...         10%         1    ##.....
b - Song of Slaying       Chrm           #.......     12%         2    ###....


Dungeon Overview and Level Annotations

Branches:
Dungeon (4/15)
 Temple: D:4-7

Altars:
Dithmenos
Fedhas
Kikubaaqudgha
Okawaru
Qazlal
Trog
The Shining One


Message History

You hit the worker ant but do no damage.
The worker ant is almost dead.
You feel sick. The worker ant bites you. x2
* * * LOW HITPOINT WARNING * * *
You barely miss the worker ant.
The worker ant is almost dead.
The worker ant bites you.
* * * LOW HITPOINT WARNING * * *
You are lethally poisoned!
The worker ant poisons you! The worker ant barely misses you.
You are too injured to fight recklessly!
You are too injured to fight recklessly!
You are too injured to fight recklessly!
Your magical infusion is running out.
* * * LOW HITPOINT WARNING * * *
You feel sick. The worker ant bites you!
* * * LOW HITPOINT WARNING * * *
* * * LOW HITPOINT WARNING * * *
You feel sick. The worker ant barely misses you. The worker ant bites you.
You die...

#. #.# ###### #.# .....#
#.# #########
.###.#####.####........
.......................
.###.##.##.#.##.#####.#
.#...........##.#####.#.#
...........#.##.@a......#
##.#.##.####.####a.>.#..#
#.#.##.# #.# #.##....#
#.#....# #.# #.# ##.#
#.###### #.# #.# . #.#
#.# #.# ..# .. #.# ###
... ..#


You could see 2 worker ants.

Vanquished Creatures
  Natasha (thrice) (D:2)
  7 adders
  An ooze (D:2)
  5 worms
  6 dart slugs
  2 giant geckos
  4 orcs (D:3)
  7 bats
  5 giant cockroaches
  13 goblins
  6 hobgoblins
  7 jackals (D:1)
  3 kobolds
  A quokka (D:3)
  5 giant newts
  7 rats
82 creatures vanquished.

Notes
Turn   | Place    | Note
--------------------------------------------------------------
     0 | D:1      | lorenzova the Merfolk Skald began the quest for the Orb.
     0 | D:1      | Reached XP level 1. HP: 16/16 MP: 3/3
   412 | D:1      | Reached XP level 2. HP: 17/23 MP: 5/5
   422 | D:1      | Learned a level 2 spell: Song of Slaying
  1027 | D:1      | Reached XP level 3. HP: 21/28 MP: 6/6
  1370 | D:1      | Reached skill level 4 in Polearms
  1754 | D:2      | Noticed Natasha
  1765 | D:2      | Killed Natasha
  1765 | D:2      | Reached XP level 4. HP: 19/35 MP: 0/7
  2044 | D:2      | Found an iron altar of Okawaru.
  2044 | D:2      | Found an ancient bone altar of Kikubaaqudgha.
  2128 | D:2      | Noticed Natasha
  2140 | D:2      | Killed Natasha
  2140 | D:2      | Reached XP level 5. HP: 41/41 MP: 2/8
  2246 | D:2      | Found a stormy altar of Qazlal.
  2470 | D:2      | Found a glowing golden altar of the Shining One.
  2622 | D:2      | Noticed Natasha
  2640 | D:2      | Killed Natasha
  2640 | D:2      | Reached skill level 5 in Polearms
  3124 | D:3      | Found a faded altar to an unknown god.
  3383 | D:3      | Reached XP level 6. HP: 45/48 MP: 9/9
  3791 | D:3      | Found a blossoming altar of Fedhas.
  3857 | D:3      | Found a bloodstained altar of Trog.
  3858 | D:3      | Found a shadowy altar of Dithmenos.
  4016 | D:4      | Slain by a worker ant

Skill      XL: |  1  2  3  4  5 |
---------------+----------------+-----
Dodging        | 2 3 4 |  4.8
Polearms       | 4 5 |  5.4
Fighting       | 3 4 |  4.3
Armour         | |  0.6
Spellcasting   | |  2.0
Charms         | |  3.2

Action                   |  1- 3 |  4- 6 || total
-------------------------+-------+-------++-------
Melee: Spear             |   145 |   224 ||   369
       Trident           |       |    47 ||    47
 Cast: Infusion          |     2 |     7 ||     9
       Song of Slaying   |       |     1 ||     1
  Use: Scroll            |       |     3 ||     3
 Stab: Sleeping          |     1 |       ||     1
  Eat: Chunk             |     1 |     8 ||     9
       Beef jerky        |       |     1 ||     1
Armor: Leather armour    |    29 |    10 ||    39
       Ring mail         |       |    26 ||    26
Dodge: Dodged            |    63 |   120 ||   183
